 Dungeon Crawl Stone Soup version 0.30-a0-778-g2ef04afb54 (webtiles) character file.

Game seed: 13615251524610575113

4284 Wobber the Geomancer (level 10, -2/56 HPs)
             Began as a Gargoyle Earth Elementalist on Feb 16, 2023.
             Was a Priest of Vehumet.
             Slain by Erica
             ... wielding a +2 scimitar of flaming
              (4 damage)
             ... on level 8 of the Dungeon.
             The game lasted 00:38:09 (6980 turns).

Wobber the Geomancer (Gargoyle Earth Elementalist)  Turns: 6980, Time: 00:38:10

Health: -2/56      AC: 16    Str: 11    XL:     10   Next: 32%
Magic:  14/19      EV: 12    Int: 21    God:    Vehumet [***...]
Gold:   483        SH:  4    Dex: 10    Spells: 15/21 levels left

rFire   . . .      SeeInvis .    a - +0 sling (flame)
rCold   + + .      Faith    .    k - +0 buckler
rNeg    + . .      Spirit   .    C - +0 steam dragon scales
rPois   ∞          Reflect  .    r - +2 hat
rElec   +          Harm     .    p - +0 cloak
rCorr   .          Rampage  .    H - +0 pair of gloves
Will    .....                    (no boots)
Stlth   ++                       u - amulet of magic regeneration
HPRegen 0.29/turn                w - ring of protection from cold
MPRegen 0.56/turn                F - ring of protection from cold

@: no status effects
A: sickness immunity, AC +7, negative energy resistance 1, electricity
resistance, torment resistance 1, petrification resistance
a: Renounce Religion


You were on level 8 of the Dungeon.
You worshipped Vehumet.
Vehumet was most pleased with you.
You visited 1 branch of the dungeon, and saw 8 of its levels.

You collected 613 gold pieces.
You spent 130 gold pieces at shops.

Inventory:

Hand Weapons
 a - a +0 sling of flaming (weapon)
 b - a +2 vampiric short sword
 J - a +4 long sword of draining
Missiles
 d - 64 stones
 B - 20 poisoned darts
Armour
 c - a +3 chain mail of positive energy
 g - a +2 robe of cold resistance
 k - a +0 buckler (worn)
 p - a +0 cloak (worn)
 r - a +2 hat (worn)
 s - a +1 robe of fire resistance
 x - a +0 leather armour of willpower
 C - +0 steam dragon scales (worn)
 H - a +0 pair of gloves (worn)
Jewellery
 u - an amulet of magic regeneration (around neck)
 w - a ring of protection from cold (left hand)
 F - a ring of protection from cold (right hand)
Wands
 A - a wand of roots (29)
Scrolls
 f - a scroll of brand weapon
 l - 3 scrolls of teleportation
 y - 3 scrolls of identify
 z - a scroll of fog
 E - a scroll of poison {unknown}
 G - a scroll of silence {unknown}
 K - a scroll of blinking {unknown}
Potions
 e - a potion of magic
 h - 5 potions of might
 i - a potion of flight
 j - 2 potions of attraction
 m - 6 potions of curing
 n - a potion of haste
 o - a potion of berserk rage
 q - a potion of heal wounds
 t - a potion of mutation {unknown}
 v - a potion of lignification {unknown}
 D - a potion of cancellation {unknown}
 I - a potion of brilliance {unknown}


   Skills:
 + Level 3.7 Fighting
 + Level 3.7 Dodging
 - Level 2.1 Stealth
 - Level 4.6 Shields
 + Level 6.1 Spellcasting
 + Level 8.1 Conjurations
 - Level 0.7 Transmutations
 + Level 9.7 Earth Magic
 * Level 3.2 Poison Magic


You had 15 spell levels left.
You knew the following spells:

 Your Spells              Type           Power      Damage    Failure   Level
a - Sandblast             Erth           94%        2d19      1%          1
b - Stone Arrow           Conj/Erth      88%        3d12      1%          3
c - Passwall              Tmut/Erth      23%        N/A       2%          2

Your spell library contained the following spells:

 Spells                   Type           Power      Damage    Failure   Level
 Frozen Ramparts          Ice            12%        1d2       11%         3
 Kiss of Death            Conj/Necr      92%        2d12      1%          1
 Poisonous Vapours        Pois/Air       26%        N/A       2%          2
 Sting                    Tmut/Pois      56%        1d5       5%          1
 Ignite Poison            Fire/Tmut/Pois 12%        N/A       6%          3
 Olgreb's Toxic Radiance  Pois           20%        N/A       9%          4
 Kindle Blastsparks       Fire/Tloc/Air  12%        2d11      11%         3
 Wereblood                Tmut           9%         N/A       14%         2
 Petrify                  Tmut/Erth      28%        N/A       14%         4
 Animate Armour           Summ/Erth      54%        N/A       16%         4
 Freezing Cloud           Conj/Ice/Air   8%         6-21      28%         5
 Confusing Touch          Hex            6%         N/A       36%         3
 Dispel Undead            Necr           6%         3d8       77%         4
 Lehudib's Crystal Spear  Conj/Erth      22%        10d6      99%         8
 Summon Hydra             Summ           3%         N/A       100%        7
 Sublimation of Blood     Necr           Unusable   N/A       N/A         2

Dungeon Overview and Level Annotations

Branches:
Dungeon (8/15)             Temple (0/1) D:5
   Lair: D:8-11

Altars:
Dithmenos
Gozag
Hepliaklqana
Kikubaaqudgha
Vehumet
Zin

Shops:
D:4 *(!=:*

Annotations:
D:8 Erica


Innate Abilities, Weirdness & Mutations

You are immune to sickness and miasma.
Your stone body is resilient. (AC +7)
You are immune to poison.
You resist negative energy. (rN+)
You are resistant to electric shocks. (rElec)
You are resistant to unholy torment.
You are immune to petrification.


Message History

You shoot a sling bullet. The orc misses you. Something hits you.
Something burns you. Something hits you. Something burns you.
The orc hits you but does no damage.
You feel much better. The orc barely misses you.
Something hits you but does no damage. Something hits you but does no damage.
The orc misses you.
You bump into the rock wall.
The orc hits you with a +0 falchion. Something barely misses you.
The orc attacks as you move away! The orc closely misses you.
Something hits you but does no damage.
The orc throws a poisoned dart.
The poisoned dart hits you!
You shoot a sling bullet. The orc throws a poisoned dart.
The poisoned dart hits you!
You hear some strange, mumbled words.
A lance of force appears from out of thin air!
The lance of force hits you.
You shoot a sling bullet. Something hits you but does no damage.
You shoot a sling bullet.
You feel less confused. Something hits you. Something burns you.
Something hits you but does no damage.
The orc throws a poisoned dart.
The poisoned dart barely misses you.
Casting: Stone Arrow (safe; 1% risk of failure)
Confirm with . or Enter, or press ? or * to list all spells.
Aiming: Stone Arrow (safe; 1% risk of failure)
Press: ? - help, Shift-Dir - straight line, f/p - orc
Aim: an orc, wielding a +0 falchion and quivering poisoned darts (76% to hit)
The stone arrow hits something!
Something hits you!
* * * LOW HITPOINT WARNING * * *
Something burns you.
* * * LOW HITPOINT WARNING * * *
Casting: Stone Arrow (safe; 1% risk of failure)
Confirm with . or Enter, or press ? or * to list all spells.
Aiming: Stone Arrow (safe; 1% risk of failure)
Press: ? - help, Shift-Dir - straight line, f/p - orc
Aim: an orc, wielding a +0 falchion and quivering poisoned darts (76% to hit)
The stone arrow hits something!
Something hits you!
* * * LOW HITPOINT WARNING * * *
Something burns you.
You die...

.(.. #.# ... ... .{ #.#
#. ### #.# #.##[##.###.#
#....)...##.######
##.#...o.........#
#...##{##.#####.# ......
#@##.#####.# ##
#######...#.##....#######
.# .......##.##.#......
.# ###...#.#.).....#####
.# <..#
##.##....[.......##
.##### #...#
######..#......... .....#
#...# #)...##......
.....# #...#
#.##.##.#.### ..#..#
#...# #............


You could see an orc.

Vanquished Creatures
  Pikel (D:8)
  Prince Ribbit (D:6)
  Grinder (D:5)
  2 steam dragons (D:6)
  Edmund (D:6)
  An acid dragon (D:8)
  A black bear (D:7)
  An orc warrior (D:7)
  3 ice beasts
  An ogre (D:6)
  3 centaurs
  A phantom (D:7)
  3 lemures
  3 kobold brigands
  A necrophage (D:4)
  5 scorpions
  A bullfrog (D:7)
  11 wights
  3 killer bees (D:8)
  2 jellies
  3 orc priests
  5 hounds
  4 iguanas
  7 orc wizards
  7 adders
  3 shadow imps
  2 white imps
  An ufetubus (D:2)
  3 worms (D:2)
  A dart slug (D:1)
  30 orcs
  7 ball pythons
  6 bats
  4 endoplasms
  A giant cockroach (D:3)
  3 goblins
  5 hobgoblins
  4 jackals (D:1)
  16 kobolds
  10 quokkas
  3 frilled lizards (D:1)
  5 rats
176 creatures vanquished.

Notes
Turn   | Place    | Note
-------+----------+-------------------------------------------
     0 | D:1      | Wobber the Gargoyle Earth Elementalist began the quest for
                  | the Orb.
     0 | D:1      | Reached XP level 1. HP: 10/10 MP: 3/3
   211 | D:1      | Reached XP level 2. HP: 15/15 MP: 0/5
   336 | D:1      | Reached skill level 4 in Earth Magic
   627 | D:1      | Reached skill level 1 in Conjurations
   681 | D:1      | Reached XP level 3. HP: 19/19 MP: 4/6
  1355 | D:2      | Reached XP level 4. HP: 18/24 MP: 5/7
  2153 | D:3      | Found a hazy altar of Hepliaklqana.
  2155 | D:3      | Found a shadowy altar of Dithmenos.
  2155 | D:3      | Noticed a shadow
  2380 | D:3      | Reached skill level 5 in Earth Magic
  2380 | D:3      | Reached XP level 5. HP: 28/28 MP: 4/9
  2504 | D:3      | Found a glowing silver altar of Zin.
  2586 | D:2      | Learned a level 3 spell: Stone Arrow
  2959 | D:3      | Found an opulent altar of Gozag.
  3193 | D:4      | Noticed an ice beast
  3223 | D:3      | Killed an ice beast
  3224 | D:3      | Reached XP level 6. HP: 18/32 MP: 2/10
  3330 | D:4      | Found Vastroc's Distillery.
  3339 | D:4      | Reached skill level 6 in Earth Magic
  3347 | D:4      | Found Ossofy Haape's Jewellery Shop.
  3353 | D:4      | Bought a potion of heal wounds for 50 gold pieces
  3353 | D:4      | Bought a potion of curing for 30 gold pieces
  3353 | D:4      | Bought a potion of heal wounds for 50 gold pieces
  3368 | D:4      | Found a radiant altar of Vehumet.
  3374 | D:4      | Became a worshipper of Vehumet
  3446 | D:4      | Found Jielabe's Assorted Antiques.
  3510 | D:4      | Found Ymisued's Weapon Shoppe.
  3627 | D:4      | Found Takiuron's Assorted Antiques.
  3655 | D:4      | Reached XP level 7. HP: 36/36 MP: 10/12
  3720 | D:4      | Found an ancient bone altar of Kikubaaqudgha.
  3727 | D:4      | Found Nueheddeura's Book Shoppe.
  4045 | D:4      | Reached skill level 1 in Shields
  4079 | D:5      | Entered Level 5 of the Dungeon
  4141 | D:5      | Noticed Grinder
  4147 | D:5      | Killed Grinder
  4148 | D:5      | Reached skill level 5 in Conjurations
  4148 | D:5      | Reached skill level 7 in Earth Magic
  4148 | D:5      | Reached XP level 8. HP: 36/41 MP: 9/14
  4184 | D:5      | Found a staircase to the Ecumenical Temple.
  4688 | D:5      | Reached * piety under Vehumet
  4688 | D:5      | Offered knowledge of Freeze by Vehumet.
  4716 | D:5      | Learned a level 2 spell: Passwall
  4771 | D:6      | Noticed Prince Ribbit
  4780 | D:6      | Killed Prince Ribbit
  4829 | D:6      | Reached skill level 5 in Spellcasting
  4954 | D:6      | Reached skill level 8 in Earth Magic
  4964 | D:6      | Reached XP level 9. HP: 38/45 MP: 13/16
  5197 | D:6      | Noticed Edmund
  5204 | D:6      | Killed Edmund
  5205 | D:6      | Reached skill level 1 in Fighting
  5425 | D:6      | Reached ** piety under Vehumet
  5622 | D:7      | Offered knowledge of Momentum Strike by Vehumet.
  5675 | D:7      | Reached skill level 9 in Earth Magic
  6336 | D:8      | Noticed Pikel
  6362 | D:8      | Killed Pikel
  6363 | D:8      | Reached skill level 1 in Poison Magic
  6363 | D:8      | Reached XP level 10. HP: 53/56 MP: 9/18
  6400 | D:8      | Offered knowledge of Frozen Ramparts by Vehumet.
  6602 | D:8      | Reached *** piety under Vehumet
  6958 | D:8      | Noticed Erica
  6980 | D:8      | HP: 2/56 [something (8)]
  6980 | D:8      | Slain by Erica

Illustrated notes

Levels and vault maps discovered:
D:1:      dpeg_arrival_ternary, layout_loops_ring, chequers_arboretum,
          amcnicky_mini_corridor_feature
D:2:      layout_loops_ring
D:3:      layout_loops_ring, riverfiend_overflow_shadow_ancestor,
          mainiacjoe_overflow_surrounded_room, zin_scriptorium, serial_glass,
          glass_columns_a, glass_columns_c, minmay_strange_pillars,
          minmay_close_crescents
D:4:      layout_rooms, nicolae_kikubaaqudgha_miasma_corner,
          nicolae_vehumet_altar_sigil, serial_shops, shop,
          nicolae_shop_hallway_stairs, nicolae_shop_statue_plus, shop, shop,
          kennysheep_diamond, nicolae_inconvenience_store
D:5:      layout_basic, minmay_temple_entry_offerings, uniq_grinder
D:6:      layout_rooms, uniq_prince_ribbit1, uniq_edmund
D:7:      layout_basic
D:8:      black_bear_nest_2, layout_loops_cross, grunt_qazlal_clouds,
          uniq_erica, uniq_maggie, uniq_pikel

Skill      XL: |  1  2  3  4  5  6  7  8  9 10 |
---------------+-------------------------------+-----
Earth Magic    | 4 5 6 7 8 9 |  9.7
Conjurations   | 1 2 3 4 5 6 7 8 |  8.1
Dodging        | 2 3 |  3.7
Spellcasting   | 3 4 5 6 |  6.1
Shields        | 2 4 |  4.6
Fighting       | 3 |  3.7
Poison Magic   | 1 3 |  3.2
Stealth        | |  2.1
Transmutations | |  0.7

Action                     |  1- 3 |  4- 6 |  7- 9 | 10-12 || total
---------------------------+-------+-------+-------+-------++-------
  Melee: Unarmed           |    12 |       |       |       ||    12
         Dagger            |    11 |     7 |       |       ||    18
   Fire: Sling             |    14 |    65 |    94 |    24 ||   197
   Cast: Sandblast         |    42 |    52 |    79 |    21 ||   194
         Stone Arrow       |       |     4 |    44 |    27 ||    75
    Use: Scroll            |       |     5 |     7 |     1 ||    13
         Potion            |       |       |     1 |     1 ||     2
 Armour: Robe              |    11 |    29 |    28 |       ||    68
         Steam dragon scal |       |       |    11 |    21 ||    32
  Dodge: Dodged            |    32 |    42 |    44 |    28 ||   146
  Block: Buckler           |       |       |    14 |     4 ||    18

Table legend: (Time is in decaauts)
 A = Elapsed time spent in this place.
 B = Non-inter-level travel time spent in this place.
 C = Inter-level travel time spent in this place.
 D = Time resting spent in this place.
 E = Time spent auto-exploring this place.
 F = Levels seen in this place.
 G = Mean time per level.
                   A        B        C        D        E       F      G
               +--------+--------+--------+--------+--------+-----+--------+
         Total |   7151 |   6960 |    191 |    367 |   5137 |   8 |  893.9 |
       Dungeon |   7151 |   6960 |    191 |    367 |   5137 |   8 |  893.9 |
               +--------+--------+--------+--------+--------+-----+--------+

Top non-repeatable levels by time:
     D:3: 1252 daAuts
     D:1: 1107 daAuts
     D:2: 1008 daAuts
     D:6: 827 daAuts
     D:7: 818 daAuts
     D:4: 786 daAuts
     D:5: 702 daAuts
     D:8: 647 daAuts
